 Dungeon Crawl Stone Soup version 0.31-a0-177-g4aa6249778 (webtiles) character file.

Game seed: 7074929510910180574

140 qw the Shooter (level 5, 0/49 HPs)
             Began as a Naga Hunter on June 18, 2023.
             Slain by a queen bee (shapeshifter) (10 damage)
             ... on level 3 of the Dungeon.
             The game lasted 00:00:53 (1982 turns).

qw the Shooter (Naga Hunter)                        Turns: 1982, Time: 00:00:54

Health: 0/49       AC:  3    Str: 13    XL:     5   Next: 22%
Magic:  5/5        EV:  9    Int: 10    God:
Gold:   139        SH:  0    Dex: 16    Spells: 4/4 levels left

rFire   . . .        Y - +0 shortbow (chaos)
rCold   . . .        (shield currently unavailable)
rNeg    . . .        c - +0 leather armour
rPois   +            (no helmet)
rElec   .            (no cloak)
rCorr   .            (no gloves)
SInv    +            (no barding)
Will    .....        (no amulet)
Stlth   ++           (no ring)
HPRegen 0.28/turn    (no ring)
MPRegen 0.09/turn

%: no passive effects
@: very slow
A: AC +1, large, see invisible, deformed body, poison resistance, slowness 2,
spit poison 1, naga tail 1
a: Spit Poison


You were on level 3 of the Dungeon.
You visited 1 branch of the dungeon, and saw 3 of its levels.

You collected 139 gold pieces.


Innate Abilities, Weirdness & Mutations

Your serpentine skin is tough. (AC +1)
You have supernaturally acute eyesight. (SInv)
Armour fits poorly on your strangely shaped body.
Your system is resistant to poisons. (rPois)
You cover ground very slowly.
You can spit poison.
You have a snake-like lower body.


   Skills:
 - Level 3.4 Fighting
 + Level 5.1 Ranged Weapons
 - Level 1.5 Dodging
 - Level 1.5 Stealth


You had 4 spell levels left.
You didn't know any spells.
Your spell library was empty.

Inventory:

Hand Weapons
 Y - a +0 shortbow of chaos (weapon)
Armour
 c - a +0 leather armour (worn)
Scrolls
 a - a scroll of vulnerability {unknown}
 b - a scroll of enchant armour {unknown}
Potions
 f - a potion of haste {unknown}
 g - a potion of lignification {unknown}
 h - a potion of might {unknown}

Dungeon Overview and Level Annotations

Branches:
Dungeon (3/15)

Altars:
Cheibriados
Nemelex Xobeh


Message History

Enter note:
Enter note:
Enter note:
Enter note: You shoot an arrow.
The arrow hits the endoplasm.
The endoplasm changes into a shapeshifter!
The shapeshifter changes into a harpy!
You shoot an arrow. The arrow hits the harpy.
The harpy is lightly wounded.
You shoot an arrow. The arrow hits the harpy.
The harpy is moderately wounded.
The harpy barely misses you. x2; The harpy claws you but does no damage.
The harpy claws you!
You shoot an arrow. The arrow barely misses the harpy.
The harpy claws you! x2
You shoot an arrow. The arrow hits the harpy.
The arrow burns the harpy.
The harpy is moderately wounded.
The harpy barely misses you. The harpy closely misses you.
You shoot an arrow. The arrow closely misses the harpy.
The harpy changes into a queen bee!
1978 ||| INVOKING Spit Poison.
Aiming: Spit Poison (1% risk of failure)
Press: ? - help, Shift-Dir - straight line, f/p - queen bee The splash of poison hits the queen bee.
The queen bee is poisoned.
The queen bee is lightly wounded.
The queen bee barely misses you.
You shoot an arrow. The arrow barely misses the queen bee.
The queen bee closely misses you.
You shoot an arrow.
The arrow hits the queen bee but does no damage.
The queen bee is lightly wounded.
The queen bee stings you!
You shoot an arrow. The arrow barely misses the queen bee.
The queen bee stings you.
You shoot an arrow.
The arrow completely misses the queen bee.
You have got your breath back.
The queen bee stings you!
You die...

~~~~~~~~~~~~~~~).)...~~~~~~~~~~~~
~~~~~~~~~~~~~~~......~~~~~~~~~~~~
~~~~~~~~~~~~~~~~....~~~~~~~~~~~~~
################''##############
#.)..# #.(..# ### ##....##
.....#......#.. .....'.@....'..
.....#y.....#.. #######!...####
#....# #....# ######


You could see a queen bee shaped shifter (poisoned).

Vanquished Creatures
  An orc wizard (D:3)
  2 gnolls
  An adder (D:3)
  A dart slug (D:2)
  9 orcs
  2 bats
  8 endoplasms
  2 giant cockroaches (D:2)
  6 goblins
  8 hobgoblins
  4 jackals (D:3)
  13 kobolds
  3 quokkas
  2 ball pythons
  2 frilled lizards (D:3)
  2 rats (D:2)
66 creatures vanquished.

Notes
Turn   | Place    | Note
-------+----------+-------------------------------------------
     0 | D:1      | qw the Naga Hunter began the quest for the Orb.
     0 | D:1      | Reached XP level 1. HP: 19/19 MP: 1/1
     0 | D:1      | 0 ||| qw: Version: 0.3-a-5-g6f28e65
     0 | D:1      | 0 ||| qw: Game counter: 606
     0 | D:1      | 0 ||| qw: Always use a shield: true
     0 | D:1      | 0 ||| qw: God list: Okawaru
     0 | D:1      | 0 ||| qw: Allow faded altars: false
     0 | D:1      | 0 ||| qw: Do Orc after D:15 true
     0 | D:1      | 0 ||| qw: Do second Lair branch before Depths: true
     0 | D:1      | 0 ||| qw: Lair rune preference: random
     0 | D:1      | 0 ||| qw: Plans: Normal
     0 | D:1      | 0 ||| PLANNING D:1-11
     7 | D:1      | 7 ||| INVOKING Spit Poison.
    58 | D:1      | 58 ||| INVOKING Spit Poison.
    73 | D:1      | 73 ||| INVOKING Spit Poison.
    98 | D:1      | 98 ||| INVOKING Spit Poison.
   103 | D:1      | 103 ||| INVOKING Spit Poison.
   105 | D:1      | Reached skill level 4 in Ranged Weapons
   105 | D:1      | Reached XP level 2. HP: 25/26 MP: 2/2
   351 | D:1      | 351 ||| INVOKING Spit Poison.
   389 | D:1      | 389 ||| INVOKING Spit Poison.
   455 | D:1      | 455 ||| INVOKING Spit Poison.
   459 | D:1      | 459 ||| INVOKING Spit Poison.
   463 | D:1      | Reached XP level 3. HP: 32/32 MP: 3/3
   575 | D:1      | 575 ||| INVOKING Spit Poison.
   754 | D:1      | 754 ||| INVOKING Spit Poison.
   784 | D:1      | 784 ||| INVOKING Spit Poison.
   785 | D:1      | 785 ||| INVOKING Spit Poison.
   800 | D:1      | 800 ||| INVOKING Spit Poison.
   809 | D:1      | 809 ||| INVOKING Spit Poison.
   818 | D:1      | 818 ||| READING scroll labelled MISKAO VOENOOGH.
   819 | D:1      | 819 ||| READING scroll labelled JESSUO FEPPASK.
   820 | D:1      | 820 ||| READING scroll labelled VIESOO AKEYMM.
   821 | D:1      | 821 ||| READING scroll labelled YPSURO JUPHITS.
   822 | D:1      | 822 ||| DROPPING scroll of butterflies.
   907 | D:2      | 907 ||| INVOKING Spit Poison.
   908 | D:2      | Found a faded altar of an unknown god.
   923 | D:2      | 923 ||| INVOKING Spit Poison.
   936 | D:2      | 936 ||| INVOKING Spit Poison.
  1009 | D:2      | 1009 ||| INVOKING Spit Poison.
  1013 | D:2      | 1013 ||| INVOKING Spit Poison.
  1172 | D:2      | 1172 ||| INVOKING Spit Poison.
  1297 | D:2      | 1297 ||| INVOKING Spit Poison.
  1306 | D:2      | 1306 ||| DROPPING ring of magical power.
  1307 | D:2      | 1307 ||| READING scroll labelled KAEGYUTZYO.
  1308 | D:2      | 1308 ||| READING scroll labelled DITEALE LUUTHRE.
  1309 | D:2      | 1309 ||| DRINKING 2 cyan potions.
  1315 | D:2      | 1315 ||| DROPPING potion of ambrosia.
  1334 | D:3      | 1334 ||| INVOKING Spit Poison.
  1339 | D:3      | 1339 ||| INVOKING Spit Poison.
  1341 | D:3      | Reached skill level 5 in Ranged Weapons
  1342 | D:3      | Reached XP level 4. HP: 36/39 MP: 4/4
  1344 | D:3      | 1344 ||| STAIRDANCE
  1346 | D:2      | 1346 ||| INVOKING Spit Poison.
  1388 | D:3      | 1388 ||| INVOKING Spit Poison.
  1397 | D:3      | 1397 ||| INVOKING Spit Poison.
  1400 | D:3      | 1400 ||| INVOKING Spit Poison.
  1403 | D:3      | 1403 ||| INVOKING Spit Poison.
  1409 | D:3      | 1409 ||| INVOKING Spit Poison.
  1414 | D:3      | 1414 ||| INVOKING Spit Poison.
  1455 | D:3      | 1455 ||| Stepping ~*~*~tactically~*~*~ (outnumbered).
  1456 | D:3      | 1456 ||| INVOKING Spit Poison.
  1470 | D:3      | 1470 ||| Stepping ~*~*~tactically~*~*~ (outnumbered).
  1472 | D:3      | 1472 ||| Stepping ~*~*~tactically~*~*~ (outnumbered).
  1474 | D:3      | 1474 ||| INVOKING Spit Poison.
  1477 | D:3      | 1477 ||| INVOKING Spit Poison.
  1481 | D:3      | 1481 ||| INVOKING Spit Poison.
  1486 | D:3      | 1486 ||| INVOKING Spit Poison.
  1489 | D:3      | 1489 ||| INVOKING Spit Poison.
  1547 | D:3      | 1547 ||| INVOKING Spit Poison.
  1590 | D:3      | 1590 ||| INVOKING Spit Poison.
  1594 | D:3      | Found a snail-covered altar of Cheibriados.
  1597 | D:3      | Found a sparkling altar of Nemelex Xobeh.
  1678 | D:3      | 1678 ||| INVOKING Spit Poison.
  1683 | D:3      | 1683 ||| INVOKING Spit Poison.
  1797 | D:3      | 1797 ||| INVOKING Spit Poison.
  1799 | D:3      | 1799 ||| Stepping ~*~*~tactically~*~*~ (outnumbered).
  1803 | D:3      | 1803 ||| INVOKING Spit Poison.
  1805 | D:3      | Reached skill level 3 in Fighting
  1805 | D:3      | Reached XP level 5. HP: 30/49 MP: 5/5
  1809 | D:3      | 1809 ||| INVOKING Spit Poison.
  1815 | D:3      | 1815 ||| INVOKING Spit Poison.
  1951 | D:3      | 1951 ||| INVOKING Spit Poison.
  1955 | D:3      | 1955 ||| INVOKING Spit Poison.
  1961 | D:3      | 1961 ||| INVOKING Spit Poison.
  1972 | D:3      | an endoplasm changed into a shapeshifter
  1972 | D:3      | Noticed a shapeshifter (shapeshifter)
  1972 | D:3      | a shapeshifter changed into a harpy
  1972 | D:3      | Noticed a harpy (shapeshifter)
  1977 | D:3      | a harpy changed into a queen bee
  1977 | D:3      | Noticed a queen bee (shapeshifter)
  1978 | D:3      | 1978 ||| INVOKING Spit Poison.
  1981 | D:3      | HP: 9/49 [queen bee (shapeshifter) (6)]
  1982 | D:3      | Slain by a queen bee (shapeshifter)

Levels and vault maps discovered:
D:1:      shiori_arrival_oz, layout_basic, due_unseen_surprise
D:2:      layout_basic, chequers_ecumenical_altar_simple
D:3:      minmay_goblin_kobold_castle, layout_rooms, grunt_temple_overflow_open,
          minmay_fountain_box

Skill      XL: |  1  2  3  4 |
---------------+-------------+-----
Ranged Weapons | 4 5 |  5.1
Fighting       | 3 |  3.4
Dodging        | |  1.5
Stealth        | |  1.5

Action                     |  1- 3 |  4- 6 || total
---------------------------+-------+-------++-------
   Fire: Shortbow          |    72 |    83 ||   155
Ability: Spit Poison       |    23 |    25 ||    48
    Use: Scroll            |     6 |       ||     6
         Potion            |     1 |       ||     1
 Armour: Leather armour    |     1 |    15 ||    16
  Dodge: Dodged            |    11 |    41 ||    52

Table legend:
 A = Non-vault XP
 B = Vault XP
 C = Vault XP percentage of total XP
 D = Non-vault monster count
 E = Vault monster count
 F = Vault count percentage of total count
                 A         B        C        D         E       F
            +---------+---------+-------+---------+---------+-------
      Total |     174 |      26 |  13.0 |      58 |       8 |  12.1
            +---------+---------+-------+---------+---------+-------
        D:1 |      46 |       2 |   4.2 |      18 |       1 |   5.3
        D:2 |      28 |       0 |   0.0 |      15 |       0 |   0.0
        D:3 |     100 |      24 |  19.4 |      25 |       7 |  21.9
            +---------+---------+-------+---------+---------+-------
